 Dungeon Crawl Stone Soup version 0.27.0-66-gdc8fb28755 (webtiles) character file.

Game seed: 2195792335015959399

56 funkygono the Firebug (level 3, -1/19 HPs)
             Began as a Gargoyle Fire Elementalist on Aug 20, 2021.
             Killed by divine providence
             ... invoked by an orc priest
              (14 damage)
             ... on level 3 of the Dungeon.
             The game lasted 00:03:17 (2576 turns).

funkygono the Firebug (Gargoyle Fire Elementalist)  Turns: 2576, Time: 00:03:18

Health: -1/19      AC:  9    Str: 11    XL:     3   Next: 95%
Magic:  2/6        EV: 12    Int: 16    God:
Gold:   52         SH:  0    Dex: 10    Spells: 3/7 levels left

rFire    . . .     SeeInvis .   f - +0 mace
rCold    . . .     Faith    .   (no shield)
rNeg     + . .     Spirit   .   a - +1 robe
rPois    ∞         Reflect  .   (no helmet)
rElec    +         Harm     .   l - +1 cloak
rCorr    .         Rampage  .   (no gloves)
Will     .....                  m - +0 pair of boots
Stlth    ++........             (no amulet)
HPRegen  0.06/turn              (no ring)
MPRegen  0.10/turn              (no ring)

@: no status effects
A: sickness immunity, AC +3, negative energy resistance 1, electricity
resistance, torment resistance 1, petrification resistance
a: no special abilities


You were on level 3 of the Dungeon.
You visited 1 branch of the dungeon, and saw 3 of its levels.

You collected 52 gold pieces.

Inventory:

Hand Weapons
 f - a +0 mace (weapon)
Missiles
 b - 137 stones
Armour
 a - a +1 robe (worn)
 k - +0 pearl dragon scales
 l - a +1 cloak (worn)
 m - a +0 pair of boots (worn)
Jewellery
 n - an amulet of the acrobat
Wands
 h - a wand of flame (17)
 p - a wand of polymorph (9)
Scrolls
 c - a scroll of summoning
 e - a scroll of teleportation {unknown}
 o - a scroll of amnesia {unknown}
Potions
 d - a potion of flight
 g - a potion of mutation {unknown}
 i - a potion of invisibility {unknown}
 j - 3 potions of heal wounds


   Skills:
 + Level 0.2 Fighting
 + Level 0.2 Maces & Flails
 + Level 1.8 Dodging
 - Level 2.1 Stealth
 + Level 2.5 Spellcasting
 + Level 1.6 Conjurations
 + Level 3.9 Fire Magic


You had 3 spell levels left.
You knew the following spells:

 Your Spells              Type           Power      Damage    Failure   Level
a - Foxfire               Conj/Fire      44%        2x1d6     6%          1
b - Conjure Flame         Conj/Fire      11%        6-21      19%         3

Your spell library contained the following spells:

 Spells                   Type           Power      Damage    Failure   Level
 Magic Dart               Conj           28%        1d4       10%         1
 Searing Ray              Conj           14%        3d3       16%         2
 Inner Flame              Hex/Fire       8%         N/A       26%         3
 Sticky Flame             Conj/Fire      11%        2d3       52%         4
 Fulminant Prism          Conj/Hex       2%         3d6       80%         4
 Fireball                 Conj/Fire      5%         3d5       86%         5


Dungeon Overview and Level Annotations

Branches:
Dungeon (3/15)

Altars:


Innate Abilities, Weirdness & Mutations

You are immune to sickness and miasma.
Your stone body is resilient. (AC +3)
You are immune to poison.
You resist negative energy. (rN+)
You are resistant to electric shocks. (rElec)
You are resistant to unholy torment.
You are immune to petrification.


Message History

HP restored.
o - a scroll labelled BASEOG AHARCHI
Found a stone staircase leading up.
You now have 52 gold pieces (gained 5).
p - a wand of polymorph (9)
An orc priest comes into view. It is wielding a +0 hand axe.
The orc priest shouts!
You hear a shout!
An adder comes into view.
An orc comes into view. It is wielding a +0 mace.
You hear a shout!
Casting: Foxfire (safe; 6% risk of failure)
Confirm with . or Enter, or press ? or * to list all spells.
You conjure some foxfire!
The adder hisses angrily.
Casting: Foxfire (safe; 6% risk of failure)
Confirm with . or Enter, or press ? or * to list all spells.
You conjure some foxfire!
An orc comes into view. It is wielding a +0 hand axe.
The foxfire hits the orc priest.
The orc priest is moderately wounded.
The foxfire hits the orc priest.
The orc priest is severely wounded.
The orc moves out of view.
Casting: Foxfire (safe; 6% risk of failure)
Confirm with . or Enter, or press ? or * to list all spells.
You conjure some foxfire!
The foxfire hits the orc priest.
The orc priest is almost dead.
The orc priest mumbles some strange prayers to Beogh against you.
Pain shoots through your body!
Unknown command.
Casting: Foxfire (safe; 6% risk of failure)
Confirm with . or Enter, or press ? or * to list all spells.
You conjure some foxfire!
The foxfire hits the adder.
The adder is moderately wounded.
The foxfire hits the adder.
The adder is severely wounded.
The orc priest mumbles some strange prayers to Beogh against you.
Beogh smites you!
Ouch! That really hurt!
You die...

........# o......# #......#
#.oo...# ..# #Sv....# ..#
#.§§...# ..# #.§§§v.# ..#
#.§§@..# ...# ..#
#..§v§.##...# ..#
####.####...# ..# #....#.
#.## #... <.# #....#.#####..#
#..# ..###....#......#.###..#
### ....#....#......#..##..#
....
###.#....##.[...+......#.....
.# .#....##.....##.##.##.....


You could see an orc priest (ally target), an adder and 2 orcs.

Vanquished Creatures
  2 adders (D:2)
  2 worms
  An orc (D:3)
  2 bats
  6 endoplasms
  2 giant cockroaches (D:1)
  2 goblins
  2 hobgoblins
  A quokka (D:2)
  2 ball pythons
  5 frilled lizards (D:3)
  2 kobolds
  2 rats
31 creatures vanquished.

Vanquished Creatures (others)
  116 foxfires
  5 plants (D:3)
121 creatures vanquished.

Grand Total: 152 creatures vanquished

Notes
Turn   | Place    | Note
-------+----------+-------------------------------------------
     0 | D:1      | funkygono the Gargoyle Fire Elementalist began the quest
                  | for the Orb.
     0 | D:1      | Reached XP level 1. HP: 10/10 MP: 3/3
   330 | D:1      | Reached XP level 2. HP: 13/15 MP: 0/5
  1741 | D:2      | Reached XP level 3. HP: 19/19 MP: 3/6
  2139 | D:2      | Learned a level 3 spell: Conjure Flame
  2576 | D:3      | Killed from afar by an orc priest

Illustrated notes

Levels and vault maps discovered:
D:1:      dpeg_arrival_boxorama, layout_loops_ring, kennysheep_another_room,
          kennysheep_boxes
D:2:      layout_loops_ring
D:3:      layout_basic, hellmonk_ecumenical_altar_prayer_group,
          minmay_misc_feat_diagonals, minmay_lizard_king

Action                   || total
-------------------------++-------
Melee: Unarmed           ||     4
       Mace              ||    13
 Cast: Foxfire           ||    66
  Use: Scroll            ||     6
Armor: Robe              ||     3
Dodge: Dodged            ||     7
